 Dungeon Crawl Stone Soup version 0.21.0-3-g78d12a8 (webtiles) character file.

220125 Jatast the Markscentaur (level 18, -1/169 HPs)
             Began as a Centaur Hunter on Jan 15, 2018.
             Was the Champion of Okawaru.
             Killed from afar by a merfolk aquamancer (24 damage)
             ... with a torrent of water
             ... on level 4 of the Shoals.
             The game lasted 02:38:11 (48518 turns).

Jatast the Markscentaur (Centaur Hunter)           Turns: 48518, Time: 02:38:12

Health: -1/169     AC: 21    Str: 18    XL:     18   Next: 46%
Magic:  18/25      EV: 15    Int: 15    God:    Okawaru [******]
Gold:   2402       SH:  0    Dex: 16    Spells: 17/27 levels left

rFire    x . .     SeeInvis .   a - +6 longbow (flame)
rCold    + . .     Gourm    .   (shield currently unavailable)
rNeg     . . .     Faith    .   V - +2 troll leather armour {Snorg}
rPois    +         Spirit   .   T - +2 helmet {Int+3}
rElec    +         Reflect  .   C - +2 cloak {rPois}
rCorr    .         Harm     .   L - +1 pair of gloves {Dex+3}
MR       +....                  W - +1 centaur barding {Stlth+}
Stlth    +.........             i - amulet of regeneration
HPRegen  1.18/turn              X - ring of Poveumm {rElec AC+1}
MPRegen  0.19/turn              z - ring of ice

@: about to teleport, very slow
A: large, hooves 3, deformed body, speed 2, tough skin 3
}: 1/15 runes: gossamer
a: Heroism, Finesse, Renounce Religion


You were on level 4 of the Shoals.
You worshipped Okawaru.
Okawaru was exalted by your worship.
You were not hungry.

You visited 6 branches of the dungeon, and saw 32 of its levels.
You also visited: Labyrinth and Ice Cave.

You collected 2977 gold pieces.
You spent 575 gold pieces at shops.

Inventory:

Hand Weapons
 a - a +6 longbow of flaming (weapon)
 b - a +5 demon whip of electrocution
 J - a +4 antimagic lajatang
Missiles
 d - 480 arrows (quivered)
Armour
 C - a +2 cloak of poison resistance (worn)
 L - a +1 pair of gloves of dexterity (worn)
 M - a +2 robe of magic resistance
 T - a +2 helmet of intelligence (worn)
 V - a +2 troll leather armour (worn) {Snorg}
 W - a +1 centaur barding of stealth (worn)
Jewellery
 i - an amulet of regeneration (around neck)
 p - an uncursed ring of fire
 w - an uncursed ring of flight
 z - a ring of ice (right hand)
 A - an uncursed ring of see invisible
 G - an uncursed ring of protection from magic
 X - the ring of Poveumm (left hand) {rElec AC+1}
   (You found it on level 2 of the Spider Nest)

   [ring of protection]

   It affects your AC (+1).
   It insulates you from electricity.
Wands
 o - a wand of iceblast (28)
 y - a wand of paralysis (52)
 B - a wand of disintegration (5)
 P - a wand of flame (29)
Scrolls
 g - 6 scrolls of enchant armour
 k - 14 scrolls of identify
 m - 5 scrolls of magic mapping
 t - 19 scrolls of remove curse
 u - 11 scrolls of teleportation
 v - 2 scrolls of fear
 E - 3 scrolls of enchant weapon
 I - 3 scrolls of amnesia
 N - 4 scrolls of brand weapon
 Q - a scroll of fog
 S - 4 scrolls of blinking
Potions
 e - 2 potions of magic
 h - 3 potions of flight
 j - 11 potions of curing
 l - a potion of invisibility
 n - 4 potions of berserk rage
 q - a potion of mutation
 r - 5 potions of brilliance
 x - 3 potions of ambrosia
 F - 4 potions of haste
 H - 5 potions of cancellation
 K - a potion of resistance
 O - 2 potions of agility
 R - 3 potions of might
Comestibles
 c - 3 chunks of flesh
 f - 51 rations


   Skills:
 + Level 17.0 Fighting
 - Level 12.0 Maces & Flails
 - Level 20.0 Bows
 + Level 1.2 Armour
 + Level 11.7 Dodging
 - Level 0.4 Stealth
 - Level 5.0 Spellcasting
 - Level 10.0 Hexes
 - Level 4.1 Translocations
 - Level 8.0 Invocations


You had 17 spell levels left.
You knew the following spells:

 Your Spells              Type           Power        Failure   Level  Hunger
a - Portal Projectile     Hex/Tloc       ###...       3%          3    ###....
b - Slow                  Hex            ####....     1%          2    ##.....
c - Inner Flame           Hex/Fire       ###.....     8%          3    ###....
d - Blink                 Tloc           N/A          5%          2    ##.....


Dungeon Overview and Level Annotations

Branches:
Dungeon (15/15)            Temple (1/1) D:6            Lair (6/6) D:10
 Shoals (4/4) Lair:4       Spider (4/4) Lair:3        Slime (0/5) Lair:6
    Orc (2/2) D:10            Elf (0/3) Orc:2        Vaults (0/5) D:14
 Depths (0/5) D:15

Altars:
Ashenzari
Cheibriados
Dithmenos
Elyvilon
Fedhas
Gozag
Hepliaklqana
Kikubaaqudgha
Makhleb
Nemelex Xobeh
Okawaru
Qazlal
Ru
Sif Muna
Trog
Uskayaw
Vehumet
Wu Jian
Xom
Yredelemnul
Zin
The Shining One
Jiyva

Shops:
D:4 ?*   D:7 (   D:11 *   Orc:2 [=*!


Innate Abilities, Weirdness & Mutations

You have hooves in place of feet.
Armour fits poorly on your strangely shaped body.
You cover ground very quickly.
You have extremely tough skin. (AC +3)


Message History

The merfolk aquamancer blinks!
The merfolk aquamancer hits you but does no damage.
You feel much better.
The merfolk aquamancer gestures at you while chanting.
The shard of ice hits you! You partially resist.
* * * LOW HITPOINT WARNING * * *
The merfolk aquamancer mumbles some strange words.
The merfolk aquamancer blinks!
The merfolk aquamancer hits you but does no damage.
As you read the scroll of teleportation, it crumbles to dust.
You feel strangely unstable.
The merfolk shouts!
The merfolk impaler misses you.
The merfolk aquamancer points at you and mumbles some strange words.
The torrent of water hits you!
* * * LOW HITPOINT WARNING * * *
The wave splashes down.
The merfolk aquamancer points at you and mumbles some strange words.
The torrent of water hits you!
You die...

≈≈≈≈≈≈≈≈≈≈≈≈≈##≈≈##≈≈≈..##≈≈###
≈≈≈≈≈≈≈≈≈≈≈≈≈#######≈≈....### #
≈≈≈≈≈≈≈≈≈≈≈≈##m###≈###≈...###≈.
≈≈≈≈≈≈≈≈≈≈≈##≈≈Cm≈≈m#≈..≈≈≈≈...
≈≈≈≈≈≈≈≈≈≈≈≈#≈≈#m#≈###.≈≈≈≈≈≈≈.
≈≈≈≈≈≈≈≈≈≈≈##≈≈≈φ≈≈m##.≈≈≈≈≈≈≈≈
≈≈≈≈≈≈≈≈≈≈≈≈##≈#m#≈###.≈≈≈≈≈≈≈≈
≈≈≈≈≈≈≈≈≈≈≈##mm≈≈m≈≈##≈≈≈≈≈≈≈≈≈
≈≈≈≈≈≈≈≈≈≈[###@##≈≈≈##≈≈≈≈≈≈≈≈≈
≈≈≈≈≈≈≈≈≈≈≈≈≈#######≈≈≈≈≈≈≈≈≈≈≈
≈≈≈≈≈≈≈≈≈≈≈≈≈≈#≈≈#≈#≈≈≈≈≈≈≈≈≈≈≈
≈≈≈≈≈≈≈≈≈≈≈≈≈≈≈≈≈≈≈≈≈≈≈≈≈≈≈≈
≈≈≈≈≈≈≈≈≈≈≈≈≈≈≈≈≈≈≈≈≈≈≈≈≈≈≈≈
≈≈≈≈≈≈≈≈≈≈≈≈≈≈≈≈≈≈≈≈≈≈≈≈≈≈≈
≈≈≈≈≈≈≈≈≈≈≈≈≈≈≈≈≈≈≈≈≈≈≈≈≈≈
≈≈≈≈≈≈≈≈≈≈≈≈≈≈≈≈≈≈≈≈≈≈≈≈≈
≈≈≈≈≈≈≈≈≈≈≈≈≈≈≈≈≈≈≈≈≈≈≈≈


You could see a frost giant (fleeing), 3 merfolk impalers, 2 merfolk aquamancers
and a merfolk.

Vanquished Creatures
  Nikola (Shoals:3)
  A sphinx (D:14)
  Polyphemus (Shoals:3)
  Kirke (Spider:1)
  Agnes (D:14)
  Gastronok (D:8)
  2 tengu reavers (D:14)
  2 emperor scorpions
  Aizul (Spider:1)
  4 ghost moths
  5 entropy weavers
  Azrael (D:15)
  5 spark wasps
  A minotaur (Lab)
  Snorg (D:11)
  3 merfolk javelineers
  6 merfolk impalers
  3 fire dragons
  Josephine (D:11)
  8 hydras
  Fannar (Lair:3)
  A catoblepas (Shoals:3)
  An alligator snapping turtle (Shoals:2)
  A centaur warrior (D:13)
  6 merfolk aquamancers
  2 ogre magi (Orc:2)
  14 two-headed ogres
  An anaconda (shapeshifter) (D:15)
  5 tengu warriors
  2 satyrs
  10 death yaks
  A queen ant (Spider:4)
  Sonja (Lair:4)
  Nergalle (Lair:3)
  2 deep trolls (Orc:2)
  3 unseen horrors
  A glowing orange brain (shapeshifter) (D:11)
  11 sea snakes
  2 orc knights
  11 harpies
  A lindwurm (Lair:6)
  20 orb spiders
  2 orc sorcerers (Orc:2)
  A necromancer (IceCv)
  4 deep elf magi
  25 wolf spiders
  An ugly thing (D:12)
  A salamander (D:15)
  12 manticores
  5 cyclopes
  6 elephants (Lair:6)
  19 fauns
  4 black mambas
  4 moths of wrath
  A guardian serpent (shapeshifter) (D:14)
  2 torpor snails
  A black mamba (shapeshifter) (D:13)
  6 merfolk sirens
  5 centaur zombies
  10 gargoyles
  9 spiny frogs
  Joseph (D:8)
  3 molten gargoyles (Lair:6)
  3 water nymphs
  2 ice statues (IceCv)
  9 komodo dragons
  3 kobold demonologists
  3 rime drakes
  8 ice devils (IceCv)
  11 demonic crawlers
  34 jumping spiders
  14 trolls
  A meliai (shapeshifter) (D:14)
  A polar bear (Lair:4)
  5 tengu conjurers
  A hornet (shapeshifter) (D:14)
  16 merfolk
  4 wind drakes
  14 hornets
  8 blink frogs (Lair:6)
  8 snapping turtles
  Grinder (D:5)
  6 dream sheep (Lair:6)
  5 hippogriffs
  A hippogriff (shapeshifter) (D:14)
  9 slime creatures (D:15)
  38 tarantellas
  5 wraiths
  71 redbacks
  2 wyverns (Lair:6)
  15 water elementals
  47 yaks
  Sigmund (D:6)
  2 hungry ghosts
  A shadow (D:14)
  3 hogs (Spider:1)
  8 basilisks
  A human (D:8)
  Eustachio (D:5)
  A fire elemental (D:15)
  4 steam dragons
  5 vampire mosquitoes
  2 wargs
  Menkaure (D:5)
  An acid dragon (D:15)
  23 soldier ants (Spider:4)
  8 water moccasins
  10 hell hounds
  2 sky beasts (D:7)
  8 porcupines
  16 orc warriors
  6 ice beasts
  A sky beast (shapeshifter) (D:15)
  2 black bears
  6 phantoms
  28 ogres
  3 eyes of draining
  14 wolves
  6 centaurs
  13 crocodiles
  16 bullfrogs
  4 big kobolds
  A wyvern zombie (D:14)
  6 scorpions
  2 wyvern skeletons
  9 killer bees
  5 electric eels
  5 howler monkeys
  2 bullfrog zombies
  7 crimson imps
  5 lava snakes (Lair:6)
  A draconian simulacrum (IceCv)
  11 orc priests
  5 hounds
  2 jellies
  4 centaur skeletons
  3 bullfrog skeletons
  23 orc wizards
  A gnoll shaman (D:4)
  Ijyb (D:2)
  6 iguanas
  33 worker ants
  3 troll simulacra (IceCv)
  2 centaur simulacra (IceCv)
  3 hound skeletons
  Robin (D:2)
  11 gnolls
  14 adders
  A naga simulacrum (IceCv)
  3 ogre simulacra (IceCv)
  2 shadow imps
  2 adder zombies (D:6)
  2 oozes
  4 worms
  4 dart slugs
  6 leopard geckos
  59 orcs
  5 giant cockroaches
  23 goblins
  14 hobgoblins
  9 jackals
  4 quokkas
  3 ball pythons
  3 bats (D:1)
  7 frilled lizards
  30 kobolds
  A quokka zombie (D:7)
  5 rats
  5 plants
1169 creatures vanquished.

Vanquished Creatures (collateral kills)
  A ghost moth (Spider:3)
1 creature vanquished.

Vanquished Creatures (others)
  24 fungi
  20 plants
  16 tentacles (Shoals:2)
60 creatures vanquished.

Grand Total: 1230 creatures vanquished

Notes
Turn   | Place    | Note
-------+----------+-------------------------------------------
     0 | D:1      | Jatast the Centaur Hunter began the quest for the Orb.
     0 | D:1      | Reached XP level 1. HP: 17/17 MP: 1/1
   262 | D:1      | Reached XP level 2. HP: 17/24 MP: 2/2
   412 | D:1      | Reached skill level 6 in Bows
  1089 | D:1      | Reached XP level 3. HP: 28/29 MP: 3/3
  1191 | D:2      | Reached skill level 7 in Bows
  1562 | D:2      | Reached XP level 4. HP: 29/36 MP: 4/4
  1929 | D:2      | Noticed Robin
  1951 | D:2      | Killed Robin
  1951 | D:2      | Reached skill level 8 in Bows
  2557 | D:2      | Reached XP level 5. HP: 31/41 MP: 5/5
  2695 | D:2      | Noticed Ijyb
  2709 | D:2      | Killed Ijyb
  3140 | D:3      | Reached skill level 9 in Bows
  3900 | D:4      | Found Toba's General Store.
  3900 | D:4      | Found Ineutako's Magic Scroll Emporium.
  4089 | D:4      | Reached skill level 1 in Maces & Flails
  4089 | D:4      | Reached XP level 6. HP: 40/48 MP: 6/6
  4320 | D:4      | Bought a scroll of identify for 22 gold pieces
  4610 | D:4      | Reached skill level 10 in Bows
  4687 | D:4      | Reached XP level 7. HP: 54/55 MP: 7/7
  5041 | D:5      | Entered Level 5 of the Dungeon
  5126 | D:5      | Noticed Eustachio
  5194 | D:5      | Killed Eustachio
  5321 | D:5      | Reached XP level 8. HP: 54/63 MP: 8/8
  5419 | D:5      | Reached skill level 11 in Bows
  5440 | D:5      | Noticed Menkaure
  5651 | D:5      | Killed Menkaure
  5671 | D:5      | Noticed Grinder
  5684 | D:5      | Killed Grinder
  5684 | D:5      | Reached skill level 5 in Maces & Flails
  6143 | D:6      | Noticed Sigmund
  6181 | D:5      | Reached skill level 5 in Fighting
  6283 | D:6      | Found a bloodstained altar of Trog.
  6309 | D:6      | Found a staircase to the Ecumenical Temple.
  6314 | Temple   | Entered the Ecumenical Temple
  6451 | Temple   | Became a worshipper of Warmaster Okawaru
  6673 | D:6      | Reached skill level 1 in Invocations
  6778 | D:6      | Found a sparkling altar of Nemelex Xobeh.
  6826 | D:6      | Killed Sigmund
  6826 | D:6      | Reached skill level 12 in Bows
  6826 | D:6      | Reached XP level 9. HP: 63/74 MP: 8/10
  7304 | D:7      | Reached * piety under Okawaru
  7769 | D:7      | Found Ewiuni's Weapon Shoppe.
  7840 | D:7      | Found an ornate altar of the Wu Jian Council.
  7883 | D:7      | Reached ** piety under Okawaru
  8297 | D:8      | Noticed Joseph
  8319 | D:8      | Killed Joseph
  8795 | D:8      | Noticed Gastronok
  8796 | D:8      | Noticed a two-headed ogre
  8908 | D:8      | Killed Gastronok
  8908 | D:8      | Reached *** piety under Okawaru
  8908 | D:8      | Reached **** piety under Okawaru
  8908 | D:8      | Reached skill level 13 in Bows
  8908 | D:8      | Reached skill level 5 in Invocations
  8908 | D:8      | Reached XP level 10. HP: 46/86 MP: 11/14
  9155 | D:8      | Noticed a gargoyle
  9257 | D:8      | Killed a gargoyle
  9257 | D:8      | Received a gift from Okawaru
  9367 | D:8      | Noticed a gargoyle
  9472 | D:8      | Killed a gargoyle
  9668 | D:8      | Noticed a gargoyle
  9761 | D:8      | Killed a gargoyle
  9873 | D:8      | Noticed a gargoyle
 10000 | D:8      | Killed a gargoyle
 10251 | D:8      | Identified the Handbook of Confrontation
 10333 | D:8      | Killed a two-headed ogre
 10482 | D:8      | Found a sacrificial altar of Ru.
 10634 | D:8      | Noticed a gargoyle
 10682 | D:8      | Killed a gargoyle
 10724 | D:8      | Noticed a gargoyle
 10768 | D:8      | Killed a gargoyle
 10768 | D:8      | Reached XP level 11. HP: 91/94 MP: 16/16
 10967 | D:9      | Reached skill level 14 in Bows
 11933 | D:9      | Identified Tuecemm's Papyrus of Shifting Unholy Arts
 12480 | D:9      | Identified the Catalogue of Excruciating Ice
 12507 | D:9      | Found a hazy altar of Hepliaklqana.
 12507 | D:9      | Found an ancient bone altar of Kikubaaqudgha.
 12552 | D:10     | Entered Level 10 of the Dungeon
 12900 | D:10     | Found a staircase to the Orcish Mines.
 12931 | D:10     | Found a staircase to the Lair.
 13187 | D:10     | Found an opulent altar of Gozag.
 13676 | D:10     | Reached ***** piety under Okawaru
 13982 | D:11     | Received a gift from Okawaru
 14126 | D:11     | Received a gift from Okawaru
 14398 | D:11     | Reached skill level 10 in Fighting
 14519 | D:11     | Noticed Josephine
 14589 | D:11     | Noticed a glowing orange brain
 14607 | D:11     | Killed a glowing orange brain
 14650 | D:11     | Killed Josephine
 14743 | D:11     | Reached XP level 12. HP: 107/107 MP: 18/18
 14771 | D:11     | Noticed Snorg
 14809 | D:11     | Killed Snorg
 14809 | D:11     | Reached skill level 10 in Maces & Flails
 14881 | D:11     | Received a gift from Okawaru
 15207 | D:11     | Found Ihayroan's Assorted Antiques.
 15207 | D:11     | Noticed a two-headed ogre
 15237 | D:11     | Killed a two-headed ogre
 15275 | D:11     | Bought a scroll labeled PIMMEO COFARIO for 26 gold pieces
 15888 | Lair:1   | Entered Level 1 of the Lair of Beasts
 15899 | Lair:1   | Received a gift from Okawaru
 16679 | Lair:1   | Learned a level 3 spell: Portal Projectile
 16682 | Lair:1   | Learned a level 2 spell: Slow
 16686 | Lair:1   | Learned a level 3 spell: Inner Flame
 17238 | Lair:2   | Reached skill level 1 in Hexes
 17402 | Lair:2   | Noticed a death yak
 17403 | Lair:2   | Noticed a death yak
 17403 | Lair:2   | Noticed a death yak
 17404 | Lair:2   | Noticed a death yak
 17404 | Lair:2   | Noticed a death yak
 17405 | Lair:2   | Noticed a death yak
 17405 | Lair:2   | Noticed a six-headed hydra
 17502 | Lair:2   | Found a frozen archway.
 17537 | IceCv    | Entered an ice cave
 19133 | Lair:2   | Killed a six-headed hydra
 19290 | Lair:2   | Killed a death yak
 19378 | Lair:2   | Killed a death yak
 19438 | Lair:2   | Killed a death yak
 19500 | Lair:2   | Killed a death yak
 19500 | Lair:2   | Reached skill level 5 in Dodging
 19500 | Lair:2   | Reached XP level 13. HP: 104/116 MP: 17/19
 20243 | Lair:2   | Identified a scroll of acquirement
 20298 | Lair:3   | Noticed Fannar
 20462 | Lair:3   | Received a gift from Okawaru
 21353 | Lair:3   | Killed Fannar
 21412 | Lair:3   | Found a hole to the Spider Nest.
 21438 | Lair:3   | Received a gift from Okawaru
 21456 | Lair:3   | Noticed Nergalle
 21483 | Lair:3   | Killed Nergalle
 22184 | Lair:4   | Received a gift from Okawaru
 22908 | Lair:4   | Found a staircase to the Shoals.
 22966 | Lair:4   | Noticed Sonja
 22982 | Lair:4   | Killed Sonja
 23194 | Lair:5   | Reached skill level 5 in Hexes
 23209 | Lair:5   | Found a labyrinth entrance.
 23270 | Lab      | Entered a labyrinth
 24255 | Lab      | Noticed a minotaur
 24277 | Lab      | Killed a minotaur
 24603 | Lair:5   | Reached skill level 1 in Translocations
 24963 | Lair:6   | Entered Level 6 of the Lair of Beasts
 25025 | Lair:6   | Received a gift from Okawaru
 25620 | Lair:6   | Noticed a fire dragon
 25620 | Lair:6   | Found a large runed door.
 25653 | Lair:6   | Received a gift from Okawaru
 25792 | Lair:6   | Found a large runed door.
 26159 | Lair:6   | Killed a fire dragon
 26243 | Lair:6   | Reached XP level 14. HP: 86/127 MP: 11/20
 27013 | Lair:6   | Found a viscous altar of Jiyva.
 27013 | Lair:6   | Found a staircase to the Slime Pits.
 27133 | Lair:6   | Received a gift from Okawaru
 27250 | Lair:6   | Received a gift from Okawaru
 27309 | Lair:6   | Reached skill level 15 in Bows
 29140 | D:13     | Received a gift from Okawaru
 29400 | D:13     | Learned a level 2 spell: Blink
 29970 | D:14     | Found a hazy altar of Hepliaklqana.
 30307 | D:14     | Noticed a sphinx
 30609 | D:14     | Received a gift from Okawaru
 30629 | D:14     | Killed a sphinx
 30629 | D:14     | Reached skill level 16 in Bows
 30872 | D:14     | Received a gift from Okawaru
 31225 | D:4      | Bought a scroll of brand weapon for 220 gold pieces
 31477 | D:14     | Noticed Agnes
 31499 | D:14     | Killed Agnes
 31499 | D:14     | Reached XP level 15. HP: 52/137 MP: 0/21
 31629 | D:14     | Found a shattered altar of Ashenzari.
 31755 | D:14     | Received a gift from Okawaru
 31819 | D:14     | Noticed a tengu reaver
 31830 | D:14     | Killed a tengu reaver
 32117 | D:14     | Noticed a tengu reaver
 32137 | D:14     | Killed a tengu reaver
 32350 | D:14     | HP: 2/137 [spark wasp (glowing shapeshifter) (14)]
 32616 | D:14     | Found a gate to the Vaults.
 32790 | D:15     | Entered Level 15 of the Dungeon
 33264 | D:15     | Reached ****** piety under Okawaru
 33274 | D:15     | Noticed Azrael
 33281 | D:15     | Killed Azrael
 33597 | D:15     | Found a staircase to the Depths.
 34341 | Orc:1    | Entered Level 1 of the Orcish Mines
 34616 | Orc:2    | Entered Level 2 of the Orcish Mines
 34724 | Orc:2    | Reached skill level 17 in Bows
 34859 | Orc:2    | Found a burning altar of Makhleb.
 35280 | Orc:2    | Received a gift from Okawaru
 35385 | Orc:2    | Found Winueb's General Store.
 35436 | Orc:2    | Found Boonlure's Antique Armour Shop.
 35457 | Orc:2    | Found Utukiph's Distillery.
 35459 | Orc:2    | Bought a scroll of enchant weapon for 82 gold pieces
 35462 | Orc:2    | Found Hajikhla's Jewellery Boutique.
 35521 | Orc:2    | Found a staircase to the Elven Halls.
 36378 | Spider:1 | Entered Level 1 of the Spider Nest
 36381 | Spider:1 | Reached XP level 16. HP: 147/147 MP: 22/22
 36641 | Spider:1 | Reached skill level 1 in Spellcasting
 36646 | Spider:1 | Noticed Kirke
 36654 | Spider:1 | Killed Kirke
 36654 | Spider:1 | Received a gift from Okawaru
 37405 | Spider:1 | Noticed Aizul
 37428 | Spider:1 | Killed Aizul
 37812 | Spider:2 | Reached skill level 15 in Fighting
 37845 | Spider:2 | Reached skill level 18 in Bows
 39109 | Spider:1 | Reached skill level 10 in Dodging
 39268 | Spider:2 | Got a fine wooden ring
 39573 | Spider:2 | You fall through a shaft!
 39592 | Spider:3 | Identified the ring of Poveumm {rElec AC+1} (You found it on level 2 of the Spider Nest)
 39715 | Spider:3 | Received a gift from Okawaru
 40470 | Orc:2    | Bought an uncursed ring of see invisible for 225 gold pieces
 41293 | Spider:4 | Entered Level 4 of the Spider Nest
 41445 | Spider:3 | Received a gift from Okawaru
 41928 | Spider:4 | Reached XP level 17. HP: 156/156 MP: 23/23
 41990 | Spider:4 | Received a gift from Okawaru
 42293 | Spider:4 | Received a gift from Okawaru
 42604 | Spider:4 | Received a gift from Okawaru
 43439 | Spider:4 | Reached skill level 5 in Spellcasting
 43443 | Spider:4 | Reached skill level 19 in Bows
 44318 | Spider:4 | Got a gossamer rune of Zot
 44526 | Shoals:1 | Entered Level 1 of the Shoals
 44575 | Shoals:1 | Received a gift from Okawaru
 44742 | Shoals:1 | Received a gift from Okawaru
 45837 | Shoals:2 | Received a gift from Okawaru
 46287 | Shoals:2 | Reached XP level 18. HP: 117/167 MP: 25/25
 46600 | Shoals:2 | Reached skill level 10 in Hexes
 47297 | Shoals:3 | Noticed Nikola
 47302 | Shoals:3 | Noticed Polyphemus
 47332 | Shoals:3 | Killed Polyphemus
 47332 | Shoals:3 | Reached skill level 20 in Bows
 47688 | Shoals:3 | Killed Nikola
 48270 | Shoals:4 | Entered Level 4 of the Shoals
 48326 | Shoals:4 | Received a gift from Okawaru
 48326 | Shoals:4 | Reached skill level 1 in Armour
 48399 | Shoals:4 | Got a brightly glowing dire flail {god gift}
 48402 | Shoals:4 | Identified the +10 dire flail "Wonoecao" {drain, rN+ Str+2 Dex+4} (Okawaru gifted it to you on level 4 of the Shoals)
 48518 | Shoals:4 | Killed from afar by a merfolk aquamancer

Skill      XL: |  1  2  3  4  5  6  7  8  9 10 11 12 13 14 15 16 17 18 |
---------------+-------------------------------------------------------+-----
Bows           | 6 7 8 9 10 12 13 14 16 17 18 19 20 | 20.0
Maces & Flails | 1 3 4 5 7 8 9 11 12 | 12.0
Fighting       | 3 5 7 8 10 11 12 13 14 15 16 17 | 17.0
Invocations    | 1 5 6 8 |  8.0
Dodging        | 2 5 6 8 9 10 11 | 11.7
Hexes          | 3 5 6 8 9 10 | 10.0
Translocations | 2 3 4 |  4.1
Spellcasting   | 4 5 |  5.0
Armour         | 1 |  1.2
Stealth        | |  0.4

Action                   |  1- 3 |  4- 6 |  7- 9 | 10-12 | 13-15 | 16-18 || total
-------------------------+-------+-------+-------+-------+-------+-------++-------
Melee: Short sword       |    53 |       |       |       |       |       ||    53
       Kick              |    15 |    48 |    91 |   257 |   461 |   233 ||  1105
       Whip              |    36 |   198 |   289 |   657 |   651 |       ||  1831
       Punch             |       |       |       |     6 |     3 |     2 ||    11
       Demon whip        |       |       |       |       |   477 |   671 ||  1148
       Lajatang          |       |       |       |       |     2 |     2 ||     4
       Longbow           |       |       |       |       |     1 |     1 ||     2
 Fire: Shortbow          |     4 |    10 |   141 |   685 |   164 |       ||  1004
       Longbow           |       |       |       |       |   549 |  1077 ||  1626
 Cast: Inner Flame       |       |       |       |       |     3 |       ||     3
       Portal Projectile |       |       |       |       |     7 |    48 ||    55
       Blink             |       |       |       |       |     1 |     9 ||    10
       Slow              |       |       |       |       |       |     3 ||     3
Invok: Heroism           |       |       |     1 |    31 |    17 |    13 ||    62
       Finesse           |       |       |       |     3 |     1 |     4 ||     8
 Abil: Evoke Flight      |       |       |       |       |       |     1 ||     1
Evoke: Wand              |       |       |       |     1 |     3 |       ||     4
  Use: Scroll            |       |     3 |    10 |     8 |    14 |     8 ||    43
       Potion            |       |       |       |     1 |     5 |     7 ||    13
 Stab: Paralysed         |       |       |       |     2 |       |       ||     2
       Distracted        |       |       |       |       |     1 |     1 ||     2
       Held in net/web   |       |       |       |       |       |     1 ||     1
  Eat: Chunk             |     2 |     8 |    11 |    16 |    29 |    25 ||    91
       Ration            |       |       |       |     3 |     5 |     4 ||    12
Armor: Leather armour    |    22 |    14 |       |       |       |       ||    36
       Ring mail         |       |    51 |    92 |       |       |       ||   143
       Skin              |       |     3 |       |    27 |       |       ||    30
       Scale mail        |       |       |    11 |    65 |       |       ||    76
       Robe              |       |       |       |    61 |    59 |       ||   120
       Troll leather arm |       |       |       |       |   211 |   489 ||   700
Dodge: Dodged            |    40 |    77 |    92 |   166 |   496 |   772 ||  1643
